 Dungeon Crawl Stone Soup version 0.30-a0-462-gd5975efbca (webtiles) character file.

Game seed: 4119275548642758278

77 cforsyth the Grasshopper (level 4, -1/39 HPs)
             Began as an Armataur Warper on Dec 17, 2022.
             Slain by a worm (8 damage)
             ... on level 2 of the Dungeon.
             The game lasted 00:03:22 (1586 turns).

cforsyth the Grasshopper (Armataur Warper)          Turns: 1586, Time: 00:03:23

Health: -1/39      AC:  4    Str: 17    XL:     4   Next: 13%
Magic:  7/7        EV:  9    Int: 21    God:
Gold:   88         SH:  0    Dex:  9    Spells: 4/7 levels left

rFire   . . .      SeeInvis .    a - +0 falchion
rCold   . . .      Faith    .    (no shield)
rNeg    . . .      Spirit   .    b - +0 leather armour
rPois   .          Reflect  .    (no helmet)
rElec   .          Harm     .    (no cloak)
rCorr   .          Roll     +    (no gloves)
Will    .....                    (no barding)
Stlth   +.........               (no amulet)
HPRegen 0.26/turn                i - +6 ring of intelligence
MPRegen 0.10/turn                (no ring)

@: no status effects
A: large, rugged brown scales 3, deformed body, armoured tail, roll, long
tongue, awkward tongue
a: no special abilities


You were on level 2 of the Dungeon.
You visited 1 branch of the dungeon, and saw 2 of its levels.

You collected 88 gold pieces.

Inventory:

Hand Weapons
 a - a +0 falchion (weapon)
Missiles
 d - 5 boomerangs of dispersal (quivered)
Armour
 b - a +0 leather armour (worn)
Jewellery
 i - a +6 ring of intelligence (left hand)
 l - a ring of protection from fire
Scrolls
 c - a scroll of blinking
 f - a scroll of enchant armour {unknown}
 g - 2 scrolls of identify {unknown}
 j - a scroll of magic mapping {unknown}
 n - a scroll of teleportation {unknown}
Potions
 e - 2 potions of curing {unknown}
 h - a potion of brilliance {unknown}
 k - 2 potions of might {unknown}
 m - a potion of berserk rage {unknown}
 o - a potion of heal wounds {unknown}


   Skills:
 + Level 2.5 Fighting
 - Level 1.7 Long Blades
 - Level 0.8 Throwing
 + Level 2.6 Armour
 - Level 1.3 Dodging
 + Level 2.3 Spellcasting
 + Level 3.5 Translocations


You had 4 spell levels left.
You knew the following spells:

 Your Spells              Type           Power      Damage    Failure   Level
a - Vhi's Electric Charg  Tloc/Air       18%        N/A       24%         3

Your spell library contained the following spells:

 Spells                   Type           Power      Damage    Failure   Level
 Blink                    Tloc           34%        N/A       6%          2
 Lesser Beckoning         Tloc           34%        N/A       12%         3
 Teleport Other           Tloc           17%        N/A       12%         3
 Manifold Assault         Tloc           17%        N/A       36%         4


Dungeon Overview and Level Annotations

Branches:
Dungeon (2/15)

Altars:


Innate Abilities, Weirdness & Mutations

You are completely covered in rugged brown scales. (AC +3, +7% HP)
Armour fits poorly on your strangely shaped body.
You have a long armoured tail.
You roll when moving toward enemies. (Rampage)
Your long tongue fully drains potion bottles. (2x potion effects)
Your tongue gives you trouble enunciating. (1.5x scroll delay)


Message History

You are too injured to fight recklessly!
You are too injured to fight recklessly!
You are too injured to fight recklessly!
You are too injured to fight recklessly!
You are too injured to fight recklessly!
You hit the rat.
You kill the rat!
The goblin hits you but does no damage. The worm bites you!
You hit the goblin.
You kill the goblin!
The worm bites you.
Things that are here:
a +0 dagger; a goblin corpse The worm barely misses you.
Things that are here:
a +0 dagger; a goblin corpse You barely miss the worm.
The worm bites you!
You hit the worm but do no damage. You tail-slap the worm.
The worm is lightly wounded.
The worm bites you!
* * * LOW HITPOINT WARNING * * *
You hit the worm but do no damage.
The worm is lightly wounded.
You hit the worm but do no damage.
The worm is lightly wounded.
The worm bites you.
* * * LOW HITPOINT WARNING * * *
You hit the worm.
The worm is moderately wounded.
The worm barely misses you.
You hit the worm.
The worm is moderately wounded.
The worm barely misses you.
You barely miss the worm.
The worm is lightly wounded.
You hit the worm. You tail-slap the worm.
The worm is heavily wounded.
The worm bites you!
You die...

....# ..# #... ##..#
#..# #... #..# ###..#
#... #..# ##.##..#
#.######..< #..#
...##..## .......#...
#..# #..##..##
#.......... ####
#..##..########.....
#.w.#...## #.#... ##
#..#@[.#..# #.#... ..
#... #..##..# #.###.
.. ##. #..###.#### #.#
## .. # #..##......#
#.# .. #..# ###.##.#
#.# ## ...######.##.#
#.# . ##.##...<#.##.#
#.#### .
####.####.##.####.#...
.
#................#+##


You could see a worm.

Vanquished Creatures
  2 adders (D:2)
  2 dart slugs (D:1)
  A worm (D:2)
  5 ball pythons
  6 endoplasms
  6 giant cockroaches
  4 goblins
  6 hobgoblins
  3 kobolds (D:1)
  3 quokkas
  3 bats (D:1)
  5 rats
46 creatures vanquished.

Notes
Turn   | Place    | Note
-------+----------+-------------------------------------------
     0 | D:1      | cforsyth the Armataur Warper began the quest for the Orb.
     0 | D:1      | Reached XP level 1. HP: 18/18 MP: 3/3
   180 | D:1      | Reached XP level 2. HP: 25/25 MP: 4/4
   566 | D:1      | Reached XP level 3. HP: 31/31 MP: 6/6
   596 | D:1      | Learned a level 3 spell: Vhi's Electric Charge
  1317 | D:2      | Reached XP level 4. HP: 39/39 MP: 7/7
  1586 | D:2      | Slain by a worm

Illustrated notes

Levels and vault maps discovered:
D:1:      lightli_molten_gateway, layout_loops_ring
D:2:      minmay_alternating_diamond, layout_basic

Skill      XL: |  1  2 |
---------------+-------+-----
Fighting       | 2 |  2.5
Spellcasting   | 2 |  2.3
Armour         | 2 |  2.6
Long Blades    | |  1.7
Throwing       | |  0.8
Dodging        | |  1.3
Translocations | |  3.5

Action                   |  1- 3 |  4- 6 || total
-------------------------+-------+-------++-------
Melee: Falchion          |   122 |    29 ||   151
       Tailslap          |     9 |     2 ||    11
       Punch             |     1 |       ||     1
Throw: Boomerang         |     2 |       ||     2
Armor: Leather armour    |    61 |    11 ||    72
Dodge: Dodged            |    80 |    12 ||    92

Table legend: (Time is in decaauts)
 A = Elapsed time spent in this place.
 B = Non-inter-level travel time spent in this place.
 C = Inter-level travel time spent in this place.
 D = Time resting spent in this place.
 E = Time spent auto-exploring this place.
 F = Levels seen in this place.
 G = Mean time per level.
                   A        B        C        D        E       F      G
               +--------+--------+--------+--------+--------+-----+--------+
         Total |   1618 |   1566 |     52 |      0 |   1221 |   2 |  809.0 |
       Dungeon |   1618 |   1566 |     52 |      0 |   1221 |   2 |  809.0 |
               +--------+--------+--------+--------+--------+-----+--------+

Top non-repeatable levels by time:
     D:1: 863 daAuts
     D:2: 754 daAuts
